 Dungeon Crawl Stone Soup version 0.19-a0-994-g3c636f0 (webtiles) character file.

2 tyvek the Sneak (level 1, -1/9 HPs)
             Began as a Spriggan Enchanter on July 15, 2016.
             Slain by a gnoll
             ... wielding a +0 spear
              (9 damage)
             ... on level 1 of the Dungeon.
             The game lasted 00:00:54 (195 turns).

tyvek the Sneak (Spriggan Enchanter)                 Turns: 195, Time: 00:00:55

Health: -1/9       AC:  3    Str:  4    XL:     1   Next: 33%
Magic:  4/5        EV: 18    Int: 16    God:
Gold:   0          SH:  0    Dex: 16    Spells: 1 memorised, 4 levels left

rFire  . . .     SeeInvis +     a - +1 dagger
rCold  . . .     Gourm    .     b - +1 robe
rNeg   . . .     Faith    .     (shield restricted)
rPois  .         Spirit   .     (helmet restricted)
rElec  .         Dismiss  .     (no cloak)
rCorr  .         Reflect  .     (gloves unavailable)
SustAt .         Harm     .     (boots unavailable)
MR     .....                    (no amulet)
Stlth  +++.......               (no ring)
                                (no ring)

@: very quick, not resistant to hostile enchantments, fairly stealthy
A: unfitting armour, see invisible, herbivore 3, speed 3, slow metabolism 2
a: no special abilities


You were on level 1 of the Dungeon.
You were not hungry.

You visited 1 branch of the dungeon, and saw 1 of its levels.

Inventory:

Hand Weapons
 a - a +1 dagger (weapon)
Armour
 b - a +1 robe (worn)
Potions
 e - a potion of berserk rage {unknown}
Books
 c - a book of Maledictions
Comestibles
 d - a bread ration {@e1}


   Skills:
 - Level 1.1 Short Blades
 - Level 3.0 Dodging
 - Level 4.4 Stealth
 * Level 2.9 Spellcasting
 + Level 3.7 Hexes


You had 4 spell levels left.
You knew the following spells:

 Your Spells              Type           Power        Failure   Level  Hunger
v - Corona                Hex            ##.....      6%          1    #......


Dungeon Overview and Level Annotations

Branches:
Dungeon (1/15)

Altars:


Innate Abilities, Weirdness & Mutations

You are tiny and cannot use many weapons and most armour.
You have supernaturally acute eyesight. (SInv)
You are a herbivore.
You cover ground extremely quickly.
You need consume almost no food.


Message History

Welcome, tyvek the Spriggan Enchanter.
The bosom of this dungeon contains the fabled artefact, the Orb of Zot.
Found a staircase leading out of the dungeon.
You open the door.
There is an open door here.
A goblin comes into view.
A goblin is nearby!
A goblin is nearby!
A gnoll comes into view. It is wielding a spear.
The goblin shouts!
The gnoll shouts!
You hit the goblin. The goblin hits you.
You take 3 damage, and have 6/9 hp.
MASSIVE DAMAGE!!
Okay, then.
Aim: a goblin (moderately wounded, chance to defeat MR: 83%)
The goblin is outlined in light.
The goblin closely misses you.
You now have 4/5 mp.
You hit the goblin. The goblin misses you.
You completely miss the goblin. The goblin barely misses you.
You hit the goblin.
You kill the goblin!
There is an open door here.
You close the door.
You start resting.
Health restored: 9; MP restored: 5 You open the door.
There is an open door here.
Found a stone staircase leading down.
e - a bone ring Put on which piece of jewellery? (? for menu, Esc to quit)
e - a ring of see invisible (left hand)
You see here a goblin corpse.
You butcher the goblin corpse.
You see here a chunk of flesh {@w0}.
Drop what? 5/52 slots (_ for help) (? for menu, Esc to quit)
Really drop
e - a ring of see invisible {sInv, !d}? [Y]es or [N]o only, please.
Really drop
e - a ring of see invisible {sInv, !d}? [Y]es or [N]o only, please.
Really drop
e - a ring of see invisible {sInv, !d}?
You remove your ring of see invisible {sInv, !d}.
You drop an uncursed ring of see invisible {sInv, !d}.
e - a sapphire potion No target in view!
You see here a leather armour.
A bat comes into view.
A bat is nearby!
A bat is nearby!
A bat is nearby!
The helpless bat fails to defend itself.
You puncture the bat!
You kill the bat!
No target in view!
No target in view!
Unknown command.
No target in view!
No target in view!
Found a stone staircase leading down.
No target in view!
A rat comes into view.
The gnoll shouts!
There are monsters nearby!
A giant cockroach comes into view.
There are monsters nearby!
There are monsters nearby!
The gnoll barely misses you. The gnoll hits you but does no damage.
You hit the gnoll. The gnoll misses you.
You hit the gnoll but do no damage.
Aim: a gnoll, wielding a spear (lightly wounded, chance to defeat MR: 60%)
The gnoll is outlined in light.
The gnoll barely misses you.
You now have 4/5 mp.
You hit the gnoll but do no damage. The gnoll hits you with a spear.
You take 1 damage, and have 8/9 hp.
You hit the gnoll but do no damage. The gnoll barely misses you.
You hit the gnoll. The gnoll completely misses you.
You hit the gnoll. The gnoll hits you but does no damage.
You hit the gnoll but do no damage. The gnoll hits you but does no damage.
You hit the gnoll. The gnoll hits you with a spear!
Ouch! That really hurt!
You die...

##...##.....#.#
#.#
##.#####.###.#
#.# #.# #.# #.#
#.# #.# #.# .#
#.# #.# #.# #.#
#.# #.# .>. #.#
#.# .. #.# ..#
... #@# ...
##.# #g# ## #r#
.s. ... .....
#.### #.


You could see a gnoll, a giant cockroach and a rat.

Vanquished Creatures
  A bat (D:1)
  A goblin (D:1)
2 creatures vanquished.

Notes
Turn   | Place    | Note
-------+----------+-------------------------------------------
     0 | D:1      | tyvek the Spriggan Enchanter began the quest for the Orb.
     0 | D:1      | Reached XP level 1. HP: 9/9 MP: 5/5
   195 | D:1      | Slain by a gnoll

Vault maps used:
D:1:      dpeg_arrival_short_road

Action                   || total
-------------------------++-------
Melee: Dagger            ||    13
 Cast: Corona            ||     2
 Stab: Sleeping          ||     1
Armor: Robe              ||     2
Dodge: Dodged            ||     8

Vault maps used:
D:1:      dpeg_arrival_short_road

Table legend:
 A = Turns spent in this place as a percentage of turns spent in the entire game.
 B = Non-inter-level travel turns spent in this place as a percentage of non-inter-level travel turns spent in the entire game.
 C = Inter-level travel turns spent in this place as a percentage of turns spent in this place.
 D = Turns resting spent in this place as a percentage of non-inter-level travel turns spent in this place.
 E = Turns spent auto-exploring this place as a percentage of non-inter-level travel turns spent in this place.
 F = Non-inter-level travel turns spent in this place divided by the number of levels of this place that you've seen.
                   A       B       C       D       E      F
               +-------+-------+-------+-------+-------+----------------------
         Total | 100.0 | 100.0 |   0.0 |   2.6 |   6.4 |  78.0
       Dungeon | 100.0 | 100.0 |   0.0 |   2.6 |   6.4 |  78.0
               +-------+-------+-------+-------+-------+----------------------

Table legend:
 A = Kills in this place as a percentage of kills in entire the game.
 B = Kills by you in this place as a percentage of kills by you in the entire game.
 C = Kills by friends in this place as a percentage of kills by friends in the entire game.
 D = Other kills in this place as a percentage of other kills in the entire game.
 E = Experience gained in this place as a percentage of experience gained in the entire game.
 F = Experience gained in this place divided by the number of levels of this place that you have seen.
                   A       B       C       D       E      F
               +-------+-------+-------+-------+-------+----------------------
         Total | 100.0 | 100.0 |  -nan |  -nan | 100.0 |   4.0
       Dungeon | 100.0 | 100.0 |  -nan |  -nan | 100.0 |   4.0
               +-------+-------+-------+-------+-------+----------------------
